Match 28063621
Unlisted

Match 28063621
End
Construct Barracks
Engineer Squad
Riflemen Squad
Grenade Package
Riflemen Squad
Construct Weapon Support Center
M1919 Machine Gun Team
Infantry Support Center
Bazooka Squad
Improved M9 Bazooka Rockets
Advanced Logistics
Bazooka Squad
M1919 Machine Gun Team
Riflemen Squad
Engineer Squad
Construct Motor Pool
Engineer Squad
M1 Anti-tank Gun Team
M1 Mortar Team
Riflemen Squad
Sniper
M24 Chaffee Light Tank
Akaxiya
Boy Next Door
Tactical Tuna
iAinEng
CPU - 专家
CPU - 专家
CPU - 专家
CPU - 专家
0
0

Comments sign in to comment!

No comments posted yet!